 Dungeon Crawl Stone Soup version 0.28-b1-1-g3c77fb2ed1 (webtiles) character file.

Game seed: 16883445897282109236

25 cbfl8 the Sneak (level 2, 0/27 HPs)
             Began as a Minotaur Delver on Jan 30, 2022.
             Was an Initiate of Makhleb.
             Slain by a hobgoblin (2 damage)
             ... on level 1 of the Dungeon.
             The game lasted 00:05:39 (1208 turns).

cbfl8 the Sneak (Minotaur Delver)                   Turns: 1208, Time: 00:05:41

Health: 0/27       AC:  3    Str: 16    XL:     2   Next: 86%
Magic:  1/1        EV: 11    Int:  7    God:    Makhleb [......]
Gold:   13         SH:  0    Dex: 11    Spells: 1/1 levels left

rFire   . . .      SeeInvis .   a - +0 hand axe
rCold   . . .      Faith    .   (no shield)
rNeg    . . .      Spirit   .   b - +0 leather armour
rPois   .          Reflect  .   (helmet restricted)
rElec   .          Harm     .   (no cloak)
rCorr   .          Rampage  .   (no gloves)
Will    .....                   (no boots)
Stlth   ++........              (no amulet)
HPRegen 0.09/turn               (no ring)
MPRegen 0.07/turn               (no ring)

@: no status effects
A: horns 2, retaliatory headbutt
a: Renounce Religion


You were on level 1 of the Dungeon.
You worshipped Makhleb.
Makhleb was noncommittal.
You visited 2 branches of the dungeon, and saw 6 of its levels.

You collected 13 gold pieces.

Inventory:

Hand Weapons
 a - a +0 hand axe (weapon)
Armour
 b - a +0 leather armour (worn)
Wands
 g - a wand of digging (3)
Scrolls
 c - a scroll of fog
 e - a scroll of fear
Potions
 f - a potion of haste


   Skills:
 + Level 4.0 Fighting
 + Level 2.6 Axes
 + Level 0.3 Armour
 + Level 2.2 Dodging
 + Level 4.5 Stealth


You had one spell level left.
You didn't know any spells.
Your spell library was empty.

Dungeon Overview and Level Annotations

Branches:
Dungeon (5/15)             Temple (1/1) D:5

Altars:
Ashenzari
Cheibriados
Elyvilon
Fedhas
Gozag
Hepliaklqana
Kikubaaqudgha
Makhleb
Nemelex Xobeh
Qazlal
Ru
Sif Muna
Uskayaw
Vehumet
Wu Jian
Xom
Zin
The Shining One

Annotations:
D:5 Ijyb


Innate Abilities, Weirdness & Mutations

You have a pair of horns on your head.
You reflexively headbutt those who attack you in melee.


Message History

You barely miss the goblin. You headbutt the goblin.
You kill the goblin!
Makhleb accepts your kill.
You hit the ball python but do no damage.
The ball python bites you but does no damage.
The ball python completely misses you.
A hobgoblin comes into view. It is wielding a +0 short sword.
The ball python bites you but does no damage.
The ball python closely misses you.
A hobgoblin comes into view.
Your Fighting skill increases to level 4!
The ball python barely misses you. The ball python grabs you.
The ball python constricts you.
The hobgoblin shouts!
You hit the ball python.
The ball python is moderately wounded.
The ball python barely misses you. The ball python constricts you.
The kobold throws a stone.
The stone barely misses you.
You hit the ball python.
You kill the ball python!
Makhleb accepts your kill.
You hit the giant cockroach.
You kill the giant cockroach!
Makhleb accepts your kill.
The kobold throws a stone.
The stone hits you. The hobgoblin hits you. The kobold barely misses you.
You see here a +0 dagger.
You hit the kobold but do no damage. You hit the hobgoblin but do no damage.
You hit the hobgoblin. The hobgoblin misses you. The hobgoblin hits you.
* * * LOW HITPOINT WARNING * * *
The kobold hits you with a +0 short sword.
* * * LOW HITPOINT WARNING * * *
You hit the kobold.
You kill the kobold!
Makhleb accepts your kill.
You hit the hobgoblin. x2; The hobgoblin misses you.
The hobgoblin closely misses you. You furiously retaliate!
You headbutt the hobgoblin, but do no damage.
The hobgoblin closely misses you. The hobgoblin hits you.
You die...

..... #. #
.....###. .# #
......#)##.#K##
..[....>.......
...........#... #
........#######.#
#####..$.........
#...g.g......
#)†..@)......
#....?.......
##########... .


You could see 2 hobgoblins.

Vanquished Creatures
  An adder (D:5)
  A dart slug (D:1)
  An orc (D:5)
  An endoplasm (D:3)
  2 giant cockroaches
  2 goblins (D:1)
  A hobgoblin (D:1)
  A jackal (D:1)
  A ball python (D:1)
  2 kobolds (D:1)
  A rat (D:1)
14 creatures vanquished.

Notes
Turn   | Place    | Note
-------+----------+-------------------------------------------
     0 | D:5      | cbfl8 the Minotaur Delver began the quest for the Orb.
     0 | D:5      | Reached XP level 1. HP: 19/19 MP: 0/0
     4 | D:5      | Noticed an orc warrior
    30 | D:5      | Noticed Ijyb
    67 | D:5      | Reached XP level 2. HP: 15/27 MP: 1/1
   241 | D:5      | Found a staircase to the Ecumenical Temple.
   247 | Temple   | Entered the Ecumenical Temple
   966 | Temple   | Became a worshipper of Makhleb the Destroyer
  1208 | D:1      | Slain by a hobgoblin

Illustrated notes

Levels and vault maps discovered:
D:1:      tarquinn_simple_flora_water_f, layout_basic, minmay_tripent
D:2:      layout_loops_ring, basic_ecumenical_altar, serial_shops,
          nicolae_shop_behind_doors
D:3:      layout_loops_corners
D:4:      layout_basic, cheibrodos_sewer_entry_sluice
D:5:      layout_layer_cave, okawaru_ov_weapons_minmay,
          minmay_temple_entry_hall, uniq_ijyb
Temple:   hc_temple_tempest_star

Skill      XL: |  1  2 |
---------------+-------+-----
Fighting       | 4 |  4.0
Axes           | |  2.6
Armour         | |  0.3
Dodging        | |  2.2
Stealth        | |  4.5

Action                   || total
-------------------------++-------
Melee: Hand axe          ||    27
       Headbutt          ||     4
  Use: Scroll            ||     1
Armor: Leather armour    ||    11
Dodge: Dodged            ||    26
